 Dungeon Crawl Stone Soup version 0.26-b1-32-g5d43845318 (webtiles) character file.

Game seed: 9286079648804442162

1382180 Arum the Conqueror (level 27, -1/249 HPs)
             Began as a Formicid Fighter on Jan 9, 2021.
             Was the Champion of the Shining One.
             Slain by a royal mummy (22 damage)
             ... on level 1 of the Tomb of the Ancients.
             The game lasted 06:28:44 (105771 turns).

Arum the Conqueror (Formicid Fighter)             Turns: 105771, Time: 06:28:45

Health: -1/249     AC: 56    Str: 34    XL:     27
Magic:  8/40       EV: 12    Int: 16    God:    the Shining One [******]
Gold:   14542      SH:  0    Dex: 15    Spells: 20/26 levels left

rFire    + + +     SeeInvis +   q - +9 lajatang (holy)
rCold    + + +     Faith    .   w - +8 tower shield {rC+ rF+}
rNeg     + + +     Spirit   .   P - +17 crystal plate armour of the Chupacabra {-Cast Harm Regen+ SInv}
rPois    +         Reflect  +   (helmet unavailable)
rElec    +         Harm     +   A - +2 cloak {Will+}
rCorr    +         Rampage  .   Y - +0 pair of gloves of Insurance {rN+ rCorr Str+4 Int+2}
Will     ++++.     NoCast   +   y - +0 pair of boots of True Grit {rN+}
Stlth    ..........             r - amulet "Taesif" {Reflect rPois rC+ SH+5}
HPRegen  0.91/turn              b - ring "Bastregev" {rElec rPois rC+ Str+4}
MPRegen  0.27/turn              u - ring "Kese Uza" {rF+ Str+3 SInv}

@: held, glowing
A: permanent stasis, dig shafts and tunnels, four strong arms, antennae 3, fire
resistance 1, strong-willed 1
}: 14/15 runes: decaying, slimy, silver, iron, obsidian, icy, bone, abyssal,
demonic, glowing, magical, fiery, dark, gossamer
a: Dig, Shaft Self, Renounce Religion, Divine Shield, Cleansing Flame, Summon
Divine Warrior


You were on level 1 of the Tomb of the Ancients.
You worshipped the Shining One.
The Shining One was exalted by your worship.
You visited 16 branches of the dungeon, and saw 83 of its levels.
You visited Pandemonium 2 times, and saw 22 of its levels.
You visited the Abyss 2 times.
You also visited: Trove, Gauntlet, Ice Cave, Wizlab and Desolation.

You collected 17314 gold pieces.
You spent 2533 gold pieces at shops.
You donated 239 gold pieces to Zin.

Inventory:

Hand Weapons
 p - the +8 lajatang of Severance {protect, rF+ rC+ Dex+3 SInv}
   (Okawaru gifted it to you in an ice cave)

   It grants its wielder temporary protection when it strikes (+7 to AC).
   It affects your dexterity (+3).
   It protects you from fire.
   It protects you from cold.
   It lets you see invisible.
 q - a +9 lajatang of holy wrath (weapon)
 D - a +9 lajatang of electrocution
Missiles
 i - 41 javelins
 K - 34 silver javelins (quivered)
 X - 2 throwing nets
Armour
 s - the +0 pair of gloves of the Wilderness {rN++ Will+ Str+4 Slay-3}
   (Okawaru gifted it to you on level 5 of the Vaults)

   It affects your strength (+4).
   It affects your accuracy and damage with ranged weapons and melee attacks
   (-3).
   It greatly protects you from negative energy.
   It affects your willpower, your defense against some magical effects.
 w - a +8 tower shield of resistance (worn)
 y - the +0 pair of boots of True Grit (worn) {rN+}
   (Okawaru gifted it to you on level 1 of the Spider Nest)

   It protects you from negative energy.
 z - a scarf of resistance
 A - a +2 cloak of willpower (worn)
 C - the +1 cloak of Starlight {*Dazzle EV+4 Stlth--}
   (You bought it in a shop on level 2 of the Orcish Mines)

   It affects your evasion (+4).
   It makes you much less stealthy.
 F - a +2 cloak of preservation
 P - the +17 crystal plate armour of the Chupacabra (worn) {-Cast Harm Regen+ SInv}
   (Okawaru gifted it to you on level 10 of the Dungeon)

   It lets you see invisible.
   It prevents spellcasting.
   It increases your rate of regeneration.
   It increases damage dealt and taken.
 Y - the +0 pair of gloves of Insurance (worn) {rN+ rCorr Str+4 Int+2}
   (Okawaru gifted it to you on level 3 of the Swamp)

   It affects your strength (+4).
   It affects your intelligence (+2).
   It protects you from negative energy.
   It provides partial protection from all sources of acid and corrosion.
Jewellery
 b - the ring "Bastregev" (left hand) {rElec rPois rC+ Str+4}
   (You found it on level 3 of the Vaults)

   [ring of poison resistance]

   It affects your strength (+4).
   It protects you from cold.
   It insulates you from electricity.
   It protects you from poison.
 l - the ring "Temijuil" {rC+ rN+ Will+ Dex+2}
   (You found it on level 3 of the Elven Halls)

   [ring of willpower]

   It affects your dexterity (+2).
   It protects you from cold.
   It protects you from negative energy.
   It affects your willpower, your defense against some magical effects.
 o - an uncursed ring of willpower
 r - the amulet "Taesif" (around neck) {Reflect rPois rC+ SH+5}
   (You found it in a Gauntlet)

   [amulet of reflection]

   It shields you and reflects attacks.
   It protects you from cold.
   It protects you from poison.
   It affects your SH (+5).
 t - the ring of Vytrouc {rN+ Int+2}
   (You found it in the Desolation of Salt)

   [ring of positive energy]

   It affects your intelligence (+2).
   It protects you from negative energy.
 u - the ring "Kese Uza" (right hand) {rF+ Str+3 SInv}
   (You took it off a vault sentinel on level 5 of the Vaults)

   [ring of see invisible]

   It affects your strength (+3).
   It protects you from fire.
   It lets you see invisible.
 J - the ring of the Tortoise {AC+8}
   (You took it off a yaktaur on level 5 of the Vaults)

   [ring of protection]

   It affects your AC (+8).
 M - the ring "Zyfuggaps" {rF+ Stlth+}
   (You took it off an imperial myrmidon in the Desolation of Salt)

   [ring of protection from fire]

   It protects you from fire.
   It makes you more stealthy.
Wands
 a - a wand of digging (42)
 L - a wand of iceblast (52)
 Z - a wand of acid (46)
Scrolls
 f - 4 scrolls of enchant armour
 h - 37 scrolls of remove curse
 j - 8 scrolls of summoning
 m - 11 scrolls of fear
 n - 12 scrolls of fog
 B - 12 scrolls of immolation
 E - 6 scrolls of silence
 R - 3 scrolls of enchant weapon
 S - 30 scrolls of identify
 U - a scroll of holy word
 W - 10 scrolls of magic mapping
Potions
 d - 10 potions of might
 e - 52 potions of curing
 k - 12 potions of flight
 v - 8 potions of magic
 x - 14 potions of mutation
 I - 7 potions of invisibility
 O - 4 potions of ambrosia
 Q - 10 potions of cancellation
Miscellaneous
 H - a phial of floods
 N - a tin of tremorstones (2/2)
 T - a condenser vane
 V - a phantom mirror


   Skills:
 O Level 27 Fighting
 O Level 27 Staves
 + Level 22.2 Throwing
 O Level 27 Armour
 O Level 27 Dodging
 O Level 27 Shields
 O Level 27 Invocations
 O Level 27 Evocations


You had 20 spell levels left.
You knew the following spells:

 Your Spells              Type           Power        Failure   Level
a - Statue Form           Tmut/Erth      0%           100%        6

Your spell library contained the following spells:

 Spells                   Type           Power        Failure   Level
 Animate Skeleton         Necr           0%           73%         1
 Apportation              Tloc           0%           73%         1
 Beastly Appendage        Tmut           0%           73%         1
 Corona                   Hex            0%           73%         1
 Foxfire                  Conj/Fire      0%           73%         1
 Freeze                   Ice            0%           73%         1
 Magic Dart               Conj           0%           73%         1
 Pain                     Necr           0%           73%         1
 Sandblast                Erth           0%           73%         1
 Sting                    Tmut/Pois      0%           73%         1
 Summon Small Mammal      Summ           0%           73%         1
 Call Imp                 Summ           0%           86%         2
 Corpse Rot               Necr/Air       N/A          86%         2
 Ensorcelled Hibernation  Hex/Ice        0%           86%         2
 Passwall                 Tmut/Erth      0%           86%         2
 Poisonous Vapours        Pois/Air       0%           86%         2
 Searing Ray              Conj           0%           86%         2
 Slow                     Hex            0%           86%         2
 Sublimation of Blood     Necr           0%           86%         2
 Wereblood                Tmut           0%           86%         2
 Call Canine Familiar     Summ           0%           97%         3
 Confusing Touch          Hex            0%           97%         3
 Conjure Flame            Conj/Fire      0%           97%         3
 Dazzling Flash           Conj/Hex       0%           97%         3
 Frozen Ramparts          Ice            0%           97%         3
 Gell's Gravitas          Tloc           0%           97%         3
 Ignite Poison            Fire/Tmut/Pois 0%           97%         3
 Inner Flame              Hex/Fire       0%           97%         3
 Lesser Beckoning         Tloc           0%           97%         3
 Mephitic Cloud           Conj/Pois/Air  0%           97%         3
 Ozocubu's Armour         Ice            0%           97%         3
 Portal Projectile        Hex/Tloc       0%           97%         3
 Spider Form              Tmut/Pois      0%           97%         3
 Static Discharge         Conj/Air       0%           97%         3
 Stone Arrow              Conj/Erth      0%           97%         3
 Summon Guardian Golem    Hex/Summ       0%           97%         3
 Teleport Other           Tloc           0%           97%         3
 Tukima's Dance           Hex            0%           97%         3
 Vampiric Draining        Necr           0%           97%         3
 Airstrike                Air            0%           100%        4
 Animate Dead             Necr           0%           100%        4
 Cause Fear               Hex            0%           100%        4
 Dispel Undead            Necr           0%           100%        4
 Fulminant Prism          Conj/Hex       0%           100%        4
 Hailstorm                Conj/Ice       0%           100%        4
 Ice Form                 Ice/Tmut       0%           100%        4
 Iskenderun's Mystic Bla  Conj/Tloc      0%           100%        4
 Leda's Liquefaction      Hex/Erth       0%           100%        4
 Olgreb's Toxic Radiance  Pois           0%           100%        4
 Passage of Golubria      Tloc           N/A          100%        4
 Petrify                  Tmut/Erth      0%           100%        4
 Sticky Flame             Conj/Fire      0%           100%        4
 Summon Ice Beast         Ice/Summ       0%           100%        4
 Summon Lightning Spire   Summ/Air       0%           100%        4
 Agony                    Necr           0%           100%        5
 Alistair's Intoxication  Tmut/Pois      0%           100%        5
 Blade Hands              Tmut           0%           100%        5
 Bolt of Magma            Conj/Fire/Erth 0%           100%        5
 Borgnjor's Vile Clutch   Necr/Erth      0%           100%        5
 Excruciating Wounds      Necr           0%           100%        5
 Fireball                 Conj/Fire      0%           100%        5
 Irradiate                Conj/Tmut      0%           100%        5
 Iskenderun's Battlesphe  Conj           0%           100%        5
 Lee's Rapid Deconstruct  Erth           0%           100%        5
 Metabolic Englaciation   Hex/Ice        0%           100%        5
 Silence                  Hex/Air        0%           100%        5
 Summon Demon             Summ           0%           100%        5
 Summon Forest            Summ/Tloc      0%           100%        5
 Summon Mana Viper        Hex/Summ       0%           100%        5
 Yara's Violent Unravell  Hex/Tmut       0%           100%        5
 Conjure Ball Lightning   Conj/Air       0%           100%        6
 Death Channel            Necr           0%           100%        6
 Dispersal                Tloc           0%           100%        6
 Eringya's Noxious Bog    Tmut/Pois      0%           100%        6
 Freezing Cloud           Conj/Ice/Air   0%           100%        6
 Hydra Form               Tmut           0%           100%        6
 Invisibility             Hex            0%           100%        6
 Iron Shot                Conj/Erth      0%           100%        6
 Ozocubu's Refrigeration  Ice            0%           100%        6
 Shadow Creatures         Summ           N/A          100%        6
 Simulacrum               Ice/Necr       0%           100%        6
 Starburst                Conj/Fire      0%           100%        6
 Dragon Form              Tmut           0%           100%        7
 Malign Gateway           Summ/Tloc      0%           100%        7
 Monstrous Menagerie      Summ           0%           100%        7
 Orb of Destruction       Conj           0%           100%        7
 Spellforged Servitor     Conj/Summ      0%           100%        7
 Summon Greater Demon     Summ           0%           100%        7
 Summon Hydra             Summ           0%           100%        7
 Chain Lightning          Conj/Air       0%           100%        8
 Discord                  Hex            0%           100%        8
 Disjunction              Tloc           0%           100%        8
 Ignition                 Fire           0%           100%        8
 Lehudib's Crystal Spear  Conj/Erth      0%           100%        8
 Summon Horrible Things   Summ           0%           100%        8
 Absolute Zero            Ice            0%           100%        9
 Death's Door             Necr           0%           100%        9
 Dragon's Call            Summ           0%           100%        9
 Fire Storm               Conj/Fire      0%           100%        9
 Shatter                  Erth           0%           100%        9
 Tornado                  Air            0%           100%        9
 Blink                    Tloc           Unusable     N/A         2
 Swiftness                Air            Unusable     N/A         2

Dungeon Overview and Level Annotations

Branches:
Dungeon (15/15)            Temple (0/1) D:6            Lair (6/6) D:8
  Swamp (4/4) Lair:3       Spider (4/4) Lair:3        Slime (5/5) Lair:6
    Orc (2/2) D:9             Elf (3/3) Orc:2        Vaults (5/5) D:14
  Crypt (3/3) Vaults:2       Tomb (2/3) Crypt:3      Depths (5/5) D:15
   Hell (visited)             Dis (7/7) Hell            Geh (7/7) Hell
    Coc (7/7) Hell            Tar (7/7) Hell            Zot (0/5) Depths:5
  IceCv (visited)          WizLab (visited)         Desolation (visited)
Gauntlet (visited)

Altars:
Ashenzari
Cheibriados
Dithmenos
Fedhas
Hepliaklqana
Kikubaaqudgha
Makhleb
Nemelex Xobeh
Okawaru
Qazlal
Ru
Sif Muna
Trog
Vehumet
Wu Jian
Xom
Yredelemnul
Zin
The Shining One
Jiyva

Shops:
D:11 [   Orc:2 =*[(   Elf:1 =   Elf:2 [!}:   Vaults:1 :   Vaults:5 !
Depths:1 (*[   Depths:3 *   Depths:5 =}=

Portals:
Hell: Depths:1 Depths:2 Depths:3 Depths:4 Depths:5
Abyss: Depths:4
Pandemonium: Depths:1 Depths:3 Depths:4
Ziggurat: Depths:3

Annotations:
Coc:3 18 runed doors


Innate Abilities, Weirdness & Mutations

You cannot be hasted, slowed, berserked, paralysed or teleported.
You can dig through walls and to a lower floor.
Your four strong arms can wield two-handed weapons with a shield.
You have a pair of large antennae on your head. (SInv)
Your flesh is heat resistant. (rF+)
You are strong-willed. (Will+)


Message History

Unknown command.
Unknown command.
Unknown command.
Unknown command.
Unknown command.
The golden flame engulfs you but does no damage.
You resist.
The golden flame engulfs the royal mummy!!!!
The royal mummy writhes in agony!
The royal mummy is almost destroyed.
The golden flame engulfs the royal mummy!!!!
The royal mummy writhes in agony!
The royal mummy is almost destroyed.
The golden flame engulfs the emperor scorpion!!
The emperor scorpion is moderately wounded.
The golden flame engulfs the emperor scorpion!!
The emperor scorpion is severely wounded.
The royal mummy mumbles some strange words.
The royal mummy hits you!!
You die...

......#
#....................#.
......#
#....................#.
......#
#.............^......#.
......#
#....................##
......#
#......................
......#
#.....{...............[
......#
.##############^......##
...(..# sM.4MsM.^>#
##'''''## ......#
..4.3sM@.†# #.......#
......# ########(†#
#.8...8.# ......#
#...##...# #.......#
......# #........#
#.......# ......#
#..#..#..# #[8...8.#
......# ##......##
#.......# ......#
##......## #.......#
......# #††#..#..#
#.8...8.# ......#
#.††.....# #.......#


You could see 4 royal mummies, 3 emperor scorpions, a hellwing (summoned), an
ice devil (summoned) and a sixfirhy (summoned).

Vanquished Creatures
  Cerebov (Pan)
  Antaeus (Coc:7)
  Asmodeus (Geh:7)
  the Royal Jelly (Slime:5)
  Ereshkigal (Tar:7)
  Gloorx Vloq (Pan)
  Mnoleg (Pan)
  A seraph (Pan)
  Lom Lobon (Pan)
  Khufu (Crypt:3)
  Dispater (Dis:7)
  6 ancient liches
  Mara (Crypt:2)
  Mennas (Pan)
  11 royal mummies
  16 pandemonium lords (Pan)
  A shard shrike (Coc:7)
  Geryon (Hell)
  3 golden dragons
  the Enchantress (Depths:3)
  A mutant beast (WizLab)
  2 profane servitors (Abyss:3)
  21 bone dragons
  A pearl dragon (Pan)
  Arachne (Spider:4)
  30 Tzitzimimeh
  11 doom hounds
  5 iron giants
  26 Brimstone Fiends
  Rupert (D:15)
  16 Hell Sentinels
  26 Ice Fiends
  Asterion (Spider:2)
  9 tentacled monstrosities
  16 titans
  4 deep elf blademasters
  6 quicksilver dragons
  21 liches
  8 deep elf master archers
  26 acid blobs
  An eldritch tentacle (Pan)
  15 tentacled starspawn
  Murray (Hell)
  34 Executioners (Pan)
  18 ancient champions
  12 sphinxes
  2 thorn hunters (Swamp:4)
  Roxanne (Spider:4)
  2 storm dragons
  24 shadow dragons
  8 tengu reavers
  5 draconian monks (Depths:5)
  Donald (Swamp:4)
  4 revenants
  A nagaraja (Abyss:3)
  A fenstrider witch (Swamp:4)
  16 azure jellies
  The ghost of reggie the Thaumaturge, a journeyman DrWz of Sif Muna (Swamp:3)
  16 daevas (Pan)
  26 fire giants
  18 frost giants
  8 deep elf sorcerers
  4 emperor scorpions
  6 curse skulls
  2 imperial myrmidons (Desolation)
  2 orc warlords
  17 vault wardens
  5 ghost moths
  11 iron dragons
  33 balrugs
  Aizul (Spider:4)
  33 cacodemons
  20 angels (Pan)
  Louise (Spider:2)
  13 warmongers (Pan)
  6 ghouls
  A draconian stormcaller (Depths:5)
  6 elemental wellsprings
  5 deep elf elementalists
  97 reapers
  5 spriggan defenders (Depths:3)
  17 ironheart preservers
  44 very ugly things
  23 war gargoyles
  11 blood saints (Pan)
  A draconian annihilator (Depths:5)
  35 stone giants
  17 ophanim (Pan)
  18 apis (Pan)
  12 corrupters (Pan)
  Nessos (Lair:6)
  12 bennus
  2 purple draconians (Depths:5)
  12 vampire knights
  8 black suns (Pan)
  47 starcursed masses
  10 deep elf demonologists
  2 green draconians (Depths:5)
  A minotaur (Gauntlet)
  18 lorocyprocas
  7 deep elf annihilators
  7 black draconians (Depths:5)
  2 bunyips
  5 spark wasps
  37 small abominations
  3 white draconians (Depths:5)
  8 entropy weavers
  A merfolk javelineer (Depths:4)
  Snorg (D:12)
  4 red draconians (Depths:5)
  21 ettins
  9 deep elf death magi
  3 eleionomae
  3 eidola
  23 jiangshi
  36 blizzard demons
  15 mummy priests
  A merfolk impaler (Depths:4)
  7 deep elf high priests
  7 quicksilver dragon zombies
  10 death oozes
  13 fire dragons
  A kraken zombie (Hell)
  20 ogre magi
  5 crystal guardians
  10 ragged hierophants (Desolation)
  30 green deaths
  17 great orbs of eyes
  21 ice dragons
  3 catoblepae
  2 naga warriors (Abyss:3)
  5 servants of whispers (Desolation)
  25 yaktaur captains
  6 peacekeepers (Desolation)
  8 quicksilver dragon skeletons
  8 spriggan air magi
  4 hell beasts
  27 vault guards
  2 ghost crabs
  24 hydras
  11 rakshasas
  10 centaur warriors
  14 monstrous demonspawn (Pan)
  10 boulder beetles
  A death knight (Vaults:2)
  An anaconda (shapeshifter) (Depths:1)
  Erolcha (D:11)
  Erica (Orc:1)
  A satyr (Abyss:3)
  54 two-headed ogres
  3 tengu warriors
  14 hell hogs
  28 death scarabs
  15 alligators
  A death yak (IceCv)
  5 orc high priests (Orc:2)
  12 deep troll earth magi
  9 titan zombies
  9 deep troll shamans
  9 spriggan berserkers
  9 thrashing horrors
  28 dancing weapons
  100 soul eaters
  15 vampire magi
  29 deep elf knights
  6 storm dragon zombies
  81 sun demons
  9 wretched stars
  A shock serpent (shapeshifter) (WizLab)
  9 iron golems
  3 spatial maelstroms (Abyss:3)
  A salamander mystic (Depths:5)
  15 iron trolls
  A fire crab (shapeshifter) (WizLab)
  27 shadow wraiths
  2 fire crabs (Abyss:3)
  4 storm dragon skeletons
  3 ghost moth zombies
  5 titan skeletons
  3 unseen horrors (shapeshifter) (WizLab)
  5 goliath frogs
  50 hell knights
  57 sixfirhies
  4 unseen horrors
  55 shadow demons
  A spectral death yak (Gauntlet)
  3 golden dragon zombies
  152 skeletal warriors
  10 anaconda zombies
  A sea snake (shapeshifter) (Depths:5)
  15 cherubim (Pan)
  35 deep trolls
  7 spriggan druids
  16 gelid demonspawn (Pan)
  A quicksilver dragon simulacrum (Tar:2)
  A lindwurm (shapeshifter) (Vaults:1)
  20 torturous demonspawn
  5 shadow dragon zombies
  10 flayed ghosts
  29 deep elf archers
  10 glowing orange brains
  8 ironbrand convokers
  2 death drakes
  6 golden dragon skeletons
  22 necromancers
  22 wizards
  11 swamp dragons
  7 lindwurms
  An entropy weaver zombie (Crypt:1)
  Pikel (D:8)
  15 harpies
  19 phantasmal warriors
  3 tengu zombies
  15 infernal demonspawn (Pan)
  8 bog bodies
  7 stone giant zombies
  15 orb spiders
  7 iron dragon zombies
  14 anaconda skeletons
  A mana viper (shapeshifter) (Depths:2)
  5 wolf spider zombies
  14 orc knights
  An oklob plant (Lair:4)
  7 orc sorcerers
  6 frost giant zombies
  4 shadow dragon skeletons
  45 wolf spiders
  An elephant (shapeshifter) (WizLab)
  75 ugly things
  55 deep elf magi
  8 shining eyes
  8 will-o-the-wisps
  3 cyclopes
  3 salamanders (shapeshifter) (WizLab)
  3 moths of wrath
  5 worldbinders (Abyss:3)
  3 elephants (Lair:4)
  7 fire giant zombies
  30 rust devils
  5 guardian serpents (shapeshifter)
  4 ice statues
  2 black mambas (shapeshifter)
  3 apocalypse crabs (Abyss:3)
  3 salamanders (Depths:5)
  3 shock serpent zombies
  4 guardian serpents
  4 stone giant skeletons
  4 iron dragon skeletons
  6 fire giant skeletons
  5 black mambas
  3 dire elephant zombies
  8 molten gargoyles
  80 smoke demons
  53 orange demons
  A gargoyle (D:13)
  A titan simulacrum (Coc:3)
  28 cane toads
  2 cane toads (shapeshifter)
  21 vault sentinels
  4 torpor snails
  6 eyes of devastation
  2 kobold demonologists (D:14)
  6 dire elephant skeletons
  A komodo dragon (shapeshifter) (WizLab)
  A catoblepas zombie (Geh:4)
  5 frost giant skeletons
  8 centaur skeletons
  2 storm dragon simulacra
  28 freezing wraiths
  37 hellions
  3 rime drakes
  11 komodo dragons
  4 emperor scorpion zombies
  46 yaktaurs
  Maggie (D:7)
  19 efreet
  A sea snake zombie (Crypt:2)
  46 demonic crawlers
  17 ice devils
  A yaktaur (shapeshifter) (Vaults:3)
  A rime drake (shapeshifter) (WizLab)
  58 tormentors
  An anaconda simulacrum (Coc:7)
  56 hellwings
  2 elves (WizLab)
  30 guardian mummies
  A green draconian skeleton (Crypt:2)
  18 hydra zombies
  2 harpy zombies
  A white draconian skeleton (Crypt:2)
  13 ancient zymes
  7 silent spectres
  4 catoblepas skeletons
  41 red devils
  A tengu conjurer (Depths:4)
  12 trolls
  2 polar bears (shapeshifter) (WizLab)
  A meliai (shapeshifter) (WizLab)
  3 jumping spiders (shapeshifter)
  19 jumping spiders
  18 polar bears (IceCv)
  A bloated husk (Swamp:1)
  28 hornets
  4 wind drakes (shapeshifter)
  A raiju (shapeshifter) (D:7)
  A hornet (shapeshifter) (WizLab)
  125 slime creatures
  32 blink frogs
  11 hydra skeletons
  43 saltlings (Desolation)
  22 tyrant leeches
  2 wind drakes (Depths:5)
  6 alligator zombies
  10 ettin zombies
  A jumping spider zombie (Crypt:1)
  17 raiju
  A blink frog (shapeshifter) (Vaults:3)
  A fire giant simulacrum (Crypt:3)
  A tarantella zombie (Crypt:2)
  2 harpy skeletons
  3 ice dragon zombies
  A dream sheep (shapeshifter) (Vaults:1)
  A stone giant simulacrum (Crypt:1)
  6 fire dragon zombies
  2 air elementals (Elf:3)
  A black mamba zombie (Dis:5)
  3 spriggan skeletons
  2 vampires (Abyss:3)
  11 water elementals
  3 ice dragon skeletons
  4 spriggans (shapeshifter) (WizLab)
  135 flying skulls
  A tarantella (shapeshifter) (Abyss:3)
  A centaur simulacrum (Gauntlet)
  11 ushabtiu
  88 redbacks
  2 ettin skeletons
  2 wyverns
  5 fire dragon skeletons
  17 spriggans
  3 fire bats (Abyss:1)
  31 shadows
  3 alligator skeletons
  6 basilisks
  35 tarantellas
  6 golden eyes
  33 wraiths
  102 ynoxinuls
  52 yaks
  A black mamba skeleton (Pan)
  A fire bat (shapeshifter) (Depths:1)
  A golden eye (shapeshifter) (Depths:1)
  2 basilisks (shapeshifter)
  25 fire elementals
  4 humans (WizLab)
  A steam dragon (Lair:2)
  20 vampire mosquitoes
  64 chaos spawn
  9 wargs
  Menkaure (D:7)
  A spriggan simulacrum (Depths:2)
  Edmund (D:5)
  A merfolk zombie (Dis:4)
  61 neqoxecs
  A water nymph zombie (Crypt:3)
  2 spatial vortices (Abyss:3)
  A harpy simulacrum (Tar:7)
  13 cane toad zombies
  11 swamp worms
  2 acid dragons
  24 water moccasins
  A spectral cane toad (Gauntlet)
  143 large abominations
  9 cane toad skeletons
  Duvessa (D:6)
  98 hell hounds
  40 orc warriors
  A black bear (shapeshifter) (WizLab)
  A black bear (D:13)
  A deep troll skeleton (Crypt:1)
  An ettin simulacrum (Tar:7)
  4 floating eyes (WizLab)
  3 swamp dragon zombies
  10 ice beasts
  A meliai simulacrum (Gauntlet)
  27 necrophages
  9 eyes of draining
  9 swamp drakes
  An alligator simulacrum (Coc:3)
  5 manticore zombies
  5 snapping turtle zombies
  An ice beast (shapeshifter) (Vaults:5)
  3 sky beasts
  39 ogres
  24 boggarts
  5 eyes of draining (shapeshifter)
  8 phantoms
  A swamp dragon skeleton (Geh:7)
  34 wolves
  6 snapping turtle skeletons
  5 manticore skeletons
  25 centaurs
  2 lemures (D:8)
  4 big kobolds
  An elf zombie (Tar:6)
  A salamander zombie (Crypt:1)
  4 earth elementals
  25 bullfrogs
  A palentonga skeleton (Crypt:3)
  An ogre simulacrum (Vaults:1)
  Dowan (D:6)
  An elf skeleton (Crypt:2)
  A salamander skeleton (Crypt:3)
  A spriggan zombie (Tar:7)
  A yak zombie (Crypt:1)
  5 scorpions
  A swamp dragon simulacrum (Crypt:3)
  A troll zombie (Geh:4)
  4 killer bees (D:9)
  A troll skeleton (Coc:3)
  4 electric eels
  2 howler monkeys (D:10)
  99 wights
  A wolf skeleton (Crypt:2)
  7 crimson imps
  A human simulacrum (Vaults:2)
  A bullfrog zombie (D:5)
  2 human zombies
  3 centaur zombies
  5 quasits
  2 wyvern simulacra (Gauntlet)
  Crazy Yiuf (D:7)
  6 hounds
  5 jellies
  4 bullfrog skeletons
  26 orc priests
  34 orc wizards
  43 iron imps
  4 iguanas
  Ijyb (D:5)
  2 human skeletons
  12 worker ants
  5 hell rats (Lair:5)
  A naga zombie (Dis:7)
  A bullfrog simulacrum (Gauntlet)
  A naga skeleton (Geh:7)
  A felid skeleton (Crypt:3)
  An ogre skeleton (Dis:7)
  2 hound zombies
  A hound skeleton (D:11)
  42 mummies
  A howler monkey zombie (Crypt:2)
  A worker ant zombie (D:7)
  A gnoll (D:2)
  A howler monkey skeleton (D:8)
  12 adders
  A swamp drake skeleton (Crypt:1)
  24 shadow imps
  17 white imps
  6 ufetubi
  An ooze (shapeshifter) (Depths:4)
  2 adder zombies
  A lava snake zombie (Crypt:1)
  An ooze (D:5)
  2 worms
  4 dart slugs
  9 leopard geckos
  82 orcs
  2 ball pythons
  4 giant cockroaches
  5 goblins
  8 hobgoblins
  4 jackals (D:11)
  14 kobolds
  7 quokkas
  A ball python skeleton (D:4)
  6 bats
  8 frilled lizards
  A gnoll skeleton (Crypt:3)
  A kobold zombie (Geh:5)
  An orc zombie (Geh:4)
  A quokka skeleton (Crypt:1)
  7 rats
  A ball lightning (Pan)
  2 crawling corpses (Elf:3)
  A lurking horror (Abyss:3)
  11 pillars of salt
  5 starspawn tentacles
  2 tentacles (Hell)
6074 creatures vanquished.

Vanquished Creatures (collateral kills)
  the Serpent of Hell (Coc:7)
  2 shard shrikes (Coc:7)
  A bone dragon (Tar:7)
  A Brimstone Fiend (Dis:7)
  A Hell Sentinel (Dis:7)
  A lich (Tar:7)
  A quicksilver dragon (Dis:7)
  An Executioner (Dis:7)
  3 shadow dragons (Tar:7)
  2 balrugs (Geh:7)
  An elemental wellspring (Coc:7)
  A war gargoyle (Dis:7)
  3 reapers
  3 blizzard demons (Coc:7)
  An ice dragon (Coc:7)
  A vampire mage (Tar:7)
  2 titan zombies
  A soul eater (Tar:7)
  A sun demon (Geh:7)
  7 skeletal warriors
  An iron troll (Dis:7)
  A ghost moth zombie (Coc:7)
  3 shadow wraiths (Tar:7)
  2 golden dragon zombies
  An anaconda zombie (Geh:7)
  A wolf spider zombie (Geh:7)
  A stone giant zombie (Tar:7)
  2 shadow dragon skeletons (Coc:7)
  2 iron dragon skeletons
  A frost giant skeleton (Tar:7)
  2 rust devils (Dis:7)
  5 molten gargoyles (Geh:7)
  4 hellions
  A freezing wraith (Coc:7)
  2 ice devils (Coc:7)
  A tormentor (Dis:7)
  A hydra zombie (Coc:7)
  A harpy zombie (Geh:7)
  2 alligator zombies (Coc:7)
  2 fire dragon zombies
  5 flying skulls (Geh:7)
  2 ice dragon skeletons
  An ettin skeleton (Geh:7)
  An alligator skeleton (Geh:7)
  2 fire dragon skeletons
  A wraith (Geh:7)
  A fire elemental (Geh:7)
  6 hell hounds
  A hydra simulacrum (Coc:7)
  A merfolk skeleton (Geh:7)
  A cane toad zombie (Coc:7)
  A cane toad skeleton (Coc:7)
  A snapping turtle zombie (Tar:7)
  An ice beast (Coc:7)
  A necrophage (Tar:7)
  A lemure (D:8)
  7 wights
  A crimson imp (Geh:7)
  4 iron imps (Dis:7)
  A shadow imp (Tar:7)
111 creatures vanquished.

Vanquished Creatures (others)
  3 Executioners (Pan)
  An eldritch tentacle (Pan)
  A frost giant (Abyss:3)
  A balrug (Pan)
  A fire giant (Geh:7)
  An elemental wellspring (Coc:7)
  A corrupter (Pan)
  A green death (Pan)
  A rakshasa (Pan)
  A catoblepas (Abyss:3)
  2 vampire magi
  A soul eater (Pan)
  2 sun demons
  2 hell knights (Geh:4)
  Sonja (Orc:2)
  A storm dragon skeleton (Geh:4)
  A glowing orange brain (Pan)
  2 skeletal warriors
  2 infernal demonspawn (Pan)
  An ugly thing (Depths:3)
  An orb spider (Spider:4)
  A smoke demon (Geh:4)
  An ancient zyme (Abyss:3)
  A hornet (Swamp:1)
  A fire dragon zombie (Geh:4)
  5 flying skulls
  A ynoxinul (Pan)
  3 large abominations
  A wraith (Geh:4)
  A fire elemental (Geh:4)
  A golden eye (Slime:1)
  A chaos spawn (Pan)
  A swamp worm (Swamp:4)
  A hell hound (Geh:5)
  A necrophage (Tar:2)
  An ogre (Vaults:3)
  2 boggarts (Depths:3)
  3 small abominations
  A lemure (D:8)
  A bullfrog (Lair:2)
  A quasit (Abyss:1)
  An orc priest (Vaults:3)
  A white imp (Coc:7)
  2 orcs (Vaults:5)
  A kobold (D:14)
  A quokka (D:7)
  29 ball lightnings (Pan)
  2 briar patches (Swamp:4)
  A crawling corpse (Vaults:2)
  35 foxfires
  75 fungi
  A lurking horror (Abyss:3)
  4 pillars of salt
  196 plants
  28 starspawn tentacles
  5 tentacles (Hell)
  5 withered plants
444 creatures vanquished.

Grand Total: 6629 creatures vanquished

Notes
Turn   | Place    | Note
-------+----------+-------------------------------------------
     0 | D:1      | Arum the Formicid Fighter began the quest for the Orb.
     0 | D:1      | Reached XP level 1. HP: 18/18 MP: 1/1
   189 | D:1      | Reached XP level 2. HP: 20/24 MP: 2/2
   566 | D:1      | Reached XP level 3. HP: 24/29 MP: 3/3
   992 | D:2      | Found a faded altar of an unknown god.
  1091 | D:2      | Found a broken altar of Ashenzari.
  1158 | D:2      | Reached XP level 4. HP: 20/37 MP: 4/4
  1389 | D:2      | Found an iron altar of Okawaru.
  1413 | D:2      | Became a worshipper of Warmaster Okawaru
  1520 | D:2      | Found a snail-covered altar of Cheibriados.
  1839 | D:2      | Found a sacrificial altar of Ru.
  2194 | D:3      | Reached XP level 5. HP: 33/42 MP: 5/5
  2523 | D:3      | Found a bloodstained altar of Trog.
  2826 | D:3      | Found a bloodstained altar of Trog.
  2826 | D:3      | Found a faded altar of an unknown god.
  2833 | D:3      | Found a sparkling altar of Nemelex Xobeh.
  2835 | D:3      | Found a faded altar of an unknown god.
  2836 | D:3      | Found an ornate altar of the Wu Jian Council.
  2962 | D:4      | Reached XP level 6. HP: 40/49 MP: 6/6
  3056 | D:4      | Reached skill level 5 in Shields
  3230 | D:4      | Reached * piety under Okawaru
  3300 | D:4      | Noticed an ogre
  3309 | D:4      | Killed an ogre
  3310 | D:4      | Reached XP level 7. HP: 6/55 MP: 1/7
  3319 | D:4      | Reached skill level 5 in Armour
  3875 | D:5      | Entered Level 5 of the Dungeon
  3890 | D:5      | Reached skill level 5 in Fighting
  3918 | D:5      | Noticed Ijyb
  3937 | D:5      | Killed Ijyb
  3945 | D:5      | Found a radiant altar of Vehumet.
  4240 | D:5      | Noticed Edmund
  4259 | D:5      | Killed Edmund
  4259 | D:5      | Reached ** piety under Okawaru
  4260 | D:5      | Reached XP level 8. HP: 33/64 MP: 4/8
  4856 | D:6      | Found a staircase to the Ecumenical Temple.
  4969 | D:6      | Noticed Duvessa
  4969 | D:6      | Noticed Dowan
  5013 | D:6      | Killed Duvessa
  5014 | D:6      | Reached skill level 5 in Staves
  5017 | D:6      | Killed Dowan
  5669 | D:7      | Noticed Maggie
  5676 | D:7      | Noticed Menkaure
  5680 | D:7      | Killed Maggie
  5682 | D:7      | Killed Menkaure
  6272 | D:7      | Found a hazy altar of Hepliaklqana.
  6302 | D:7      | Found a runed translucent door.
  6303 | D:7      | Noticed Crazy Yiuf
  6309 | D:7      | Killed Crazy Yiuf
  6310 | D:7      | Reached XP level 9. HP: 70/72 MP: 9/9
  6424 | D:7      | Noticed a raiju
  6424 | D:7      | a shapeshifter changed into a raiju
  6438 | D:7      | Killed a raiju
  6438 | D:7      | Reached *** piety under Okawaru
  6910 | D:7      | HP: 1/74 [orc priest/divine providence (13)]
  7557 | D:8      | Noticed Pikel
  7559 | D:8      | Found a staircase to the Lair.
  7576 | D:8      | Killed Pikel
  7576 | D:8      | Reached **** piety under Okawaru
  7577 | D:8      | Reached XP level 10. HP: 79/83 MP: 8/10
  7661 | D:8      | Noticed a six-headed hydra
  7668 | D:8      | Killed a six-headed hydra
  7740 | D:8      | Found a glowing golden altar of the Shining One.
  7741 | D:8      | Found a shimmering altar of Xom.
  7741 | D:8      | Found a stormy altar of Qazlal.
  7756 | D:8      | Reached ***** piety under Okawaru
  7757 | D:8      | Reached skill level 10 in Fighting
  7811 | D:8      | Found a blossoming altar of Fedhas.
  7890 | D:8      | Found a shimmering blue altar of Sif Muna.
  7938 | D:9      | Found a shadowy altar of Dithmenos.
  8153 | D:9      | Reached XP level 11. HP: 63/92 MP: 9/11
  8155 | D:9      | Reached skill level 10 in Staves
  9038 | D:9      | Found a staircase to the Orcish Mines.
  9292 | D:10     | Entered Level 10 of the Dungeon
  9329 | D:10     | Received a gift from Okawaru
  9849 | D:10     | Received a gift from Okawaru
  9885 | D:10     | Got a heavily runed crystal plate armour {god gift}
  9886 | D:10     | Identified the +17 crystal plate armour of the Chupacabra
                  | {-Cast Harm Regen+ SInv} (Okawaru gifted it to you on level
                  | 10 of the Dungeon)
  9984 | D:10     | Found a burning altar of Makhleb.
  9984 | D:10     | Noticed a cacodemon
 10136 | D:11     | Noticed a green ugly thing
 10152 | D:11     | Killed a green ugly thing
 10152 | D:11     | Reached ****** piety under Okawaru
 10277 | D:11     | Noticed an eight-headed hydra
 10289 | D:11     | Killed an eight-headed hydra
 10430 | D:11     | Reached skill level 1 in Invocations
 10473 | D:11     | Found Rokhywk's Armour Shop.
 10715 | D:11     | Noticed a boulder beetle
 10739 | D:11     | Killed a boulder beetle
 10740 | D:11     | Reached XP level 12. HP: 81/103 MP: 11/14
 11140 | D:11     | Noticed Erolcha
 11148 | D:11     | Killed Erolcha
 11282 | D:12     | You fall into a shaft and drop 1 floor!
 11316 | D:13     | Found a gate leading to a gauntlet.
 11334 | Gauntlet | Entered a Gauntlet
 11334 | Gauntlet | Found a transporter.
 11346 | Gauntlet | Found a transporter.
 11347 | Gauntlet | Found a transporter.
 11348 | Gauntlet | Found a transporter.
 11358 | Gauntlet | Found a transporter.
 11359 | Gauntlet | Found a transporter.
 11363 | Gauntlet | Found a transporter.
 11367 | Gauntlet | Found a transporter.
 11370 | Gauntlet | Found a transporter.
 11371 | Gauntlet | Found a transporter.
 11382 | Gauntlet | Found a transporter.
 11382 | Gauntlet | Found a transporter.
 11382 | Gauntlet | Noticed a hell beast
 11383 | Gauntlet | Found a transporter.
 11388 | Gauntlet | Noticed a death scarab
 11388 | Gauntlet | Noticed a death scarab
 11391 | Gauntlet | Found a transporter.
 11628 | Gauntlet | Reached skill level 5 in Invocations
 11775 | Gauntlet | Killed a hell beast
 11775 | Gauntlet | Received a gift from Okawaru
 11785 | Gauntlet | Got a twitching bronze amulet
 11791 | Gauntlet | Identified the amulet "Taesif" {Reflect rPois rC+ SH+5}
                  | (You found it in a Gauntlet)
 11806 | Gauntlet | Killed a death scarab
 11816 | Gauntlet | Killed a death scarab
 11847 | Gauntlet | Noticed a minotaur
 11854 | Gauntlet | Killed a minotaur
 11871 | Gauntlet | Identified Kunyamni's Handbook of Flight and Enchantment
 11919 | D:13     | Noticed a boulder beetle
 11933 | D:13     | Killed a boulder beetle
 11933 | D:13     | Received a gift from Okawaru
 11936 | D:13     | Got a pair of masterwork boots {god gift}
 11947 | D:13     | Identified the +1 pair of boots of Mysticism {Str+3}
                  | (Okawaru gifted it to you on level 13 of the Dungeon)
 12077 | D:12     | Noticed Snorg
 12089 | D:12     | Killed Snorg
 12090 | D:12     | Reached XP level 13. HP: 100/111 MP: 16/16
 13022 | D:13     | Reached skill level 10 in Armour
 13210 | D:14     | Noticed a centaur warrior
 13221 | D:14     | Killed a centaur warrior
 13380 | D:14     | Noticed an ogre mage
 13406 | D:14     | Killed an ogre mage
 13406 | D:14     | Received a gift from Okawaru
 13439 | D:14     | Got a pair of masterwork boots {god gift}
 13450 | D:14     | Identified the -4 pair of boots "Wuqacref" {Harm +Blink
                  | rF+++ rC-} (Okawaru gifted it to you on level 14 of the
                  | Dungeon)
 13601 | D:14     | Found a gate to the Vaults.
 13707 | D:14     | Reached XP level 14. HP: 111/121 MP: 17/17
 13990 | D:15     | Entered Level 15 of the Dungeon
 13990 | D:15     | Found a staircase to the Depths.
 13990 | D:15     | Noticed a fire giant
 14070 | D:15     | Killed a fire giant
 14071 | D:15     | Reached skill level 15 in Fighting
 14309 | D:15     | Noticed Rupert
 14323 | D:15     | Killed Rupert
 15079 | D:15     | Received a gift from Okawaru
 15326 | Orc:1    | Entered Level 1 of the Orcish Mines
 15702 | Orc:2    | Entered Level 2 of the Orcish Mines
 15705 | Orc:2    | Noticed an orc warlord
 15785 | Orc:1    | Killed an orc warlord
 15810 | Orc:1    | Reached XP level 15. HP: 114/130 MP: 18/18
 15839 | Orc:2    | Received a gift from Okawaru
 15857 | Orc:2    | Got a glimmering quarterstaff {god gift}
 15859 | Orc:2    | Identified the +6 quarterstaff of Bodily Harmony {flame,
                  | rPois rC+++ Dex-2 Stlth+} (Okawaru gifted it to you on
                  | level 2 of the Orcish Mines)
 15869 | Orc:2    | Found Aghan's Antique Armour Shop.
 16125 | Orc:2    | Found a staircase to the Elven Halls.
 16141 | Orc:2    | Found Xaepunk's General Store.
 16149 | Orc:2    | Bought a potion of curing for 48 gold pieces
 16149 | Orc:2    | Bought 2 potions of curing for 96 gold pieces
 16149 | Orc:2    | Bought a scroll of magic mapping for 56 gold pieces
 16149 | Orc:2    | Bought a scroll of identify for 32 gold pieces
 16169 | Orc:2    | Found Neop's Antique Weapon Emporium.
 16309 | Orc:2    | Noticed Sonja
 16321 | Orc:2    | Killed Sonja
 16322 | Orc:2    | Reached skill level 1 in Dodging
 16392 | Orc:2    | Found Sot Neef's Jewellery Boutique.
 16731 | Orc:1    | Noticed Erica
 16737 | Orc:1    | Killed Erica
 16791 | Orc:1    | Received a gift from Okawaru
 16963 | Orc:2    | Bought the +1 cloak of Starlight {*Dazzle EV+4 Stlth--} for
                  | 762 gold pieces
 16963 | Orc:2    | Found the +1 cloak of Starlight {*Dazzle EV+4 Stlth--}
 17087 | Lair:1   | Entered Level 1 of the Lair of Beasts
 17120 | Lair:1   | Found a frozen archway.
 17132 | Lair:1   | Reached skill level 15 in Staves
 17137 | IceCv    | Entered an ice cave
 17541 | IceCv    | Noticed a frost giant
 17558 | IceCv    | Killed a frost giant
 17558 | IceCv    | Received a gift from Okawaru
 17566 | IceCv    | Got a brightly glowing lajatang {god gift}
 17567 | IceCv    | Identified the +8 lajatang of Severance {protect, rF+ rC+
                  | Dex+3 SInv} (Okawaru gifted it to you in an ice cave)
 17624 | IceCv    | Identified the +4 ring mail of Agnosticism {+Blink rF+
                  | Will+ Int-2} (You found it in an ice cave)
 18337 | Lair:1   | Found a hazy altar of Hepliaklqana.
 18593 | Lair:2   | Reached XP level 16. HP: 132/140 MP: 19/19
 18674 | Lair:2   | Reached skill level 5 in Dodging
 19197 | Lair:3   | Identified the +6 chain mail of Utroivan {Dex+7} (You found
                  | it on level 3 of the Lair of Beasts)
 19296 | Lair:3   | Found a staircase to the Swamp.
 19481 | Lair:3   | Received a gift from Okawaru
 19518 | Lair:3   | Found a hole to the Spider Nest.
 19788 | Lair:3   | Identified a scroll of acquirement
 19788 | Lair:3   | Acquired a +0 tower shield of resistance
 20125 | Lair:4   | Found a glowing silver altar of Zin.
 21408 | Lair:6   | Entered Level 6 of the Lair of Beasts
 21596 | Lair:6   | Found a viscous altar of Jiyva.
 21596 | Lair:6   | Found a staircase to the Slime Pits.
 21657 | Lair:6   | Noticed Nessos
 21661 | Lair:6   | Killed Nessos
 21773 | Lair:6   | Received a gift from Okawaru
 21869 | Lair:6   | Identified the +0 plate armour of Fortification {rPois rC+
                  | rN+ Int-5} (Okawaru gifted it to you on level 6 of the Lair
                  | of Beasts)
 22364 | Swamp:1  | Entered Level 1 of the Swamp
 22372 | Swamp:1  | Reached XP level 17. HP: 144/149 MP: 20/20
 23612 | Swamp:3  | Received a gift from Okawaru
 23615 | Swamp:3  | Found a runed translucent door.
 23655 | Swamp:3  | Got a pair of heavily runed gloves {god gift}
 23666 | Swamp:3  | Identified the +0 pair of gloves of Insurance {rN+ rCorr
                  | Str+4 Int+2} (Okawaru gifted it to you on level 3 of the
                  | Swamp)
 23887 | Swamp:3  | Acquired a manual of Shields
 24032 | Swamp:3  | Identified the +7 trident of Ekhleydwu {flame, +Inv MP-9
                  | Int+4 Stlth+}
 24032 | Swamp:3  | Noticed reggie's ghost (journeyman DrWz)
 24186 | Swamp:3  | Killed reggie's ghost
 24204 | Swamp:3  | Identified the +2 pair of boots of Trumpets {rPois rC-
                  | Int+6 SInv} (You found it on level 3 of the Swamp)
 24241 | Swamp:4  | Entered Level 4 of the Swamp
 24350 | Swamp:4  | Received a gift from Okawaru
 24356 | Swamp:4  | Reached skill level 10 in Shields
 24357 | Swamp:4  | Identified the +1 ring mail "Mudeiq" {Int-2 Dex+5} (Okawaru
                  | gifted it to you on level 4 of the Swamp)
 24368 | Swamp:4  | Reached XP level 18. HP: 150/158 MP: 21/21
 24396 | Swamp:4  | Reached skill level 10 in Dodging
 24542 | Swamp:4  | Got a decaying rune of Zot
 24666 | Swamp:4  | Identified the +5 kite shield of the Sacrificial Victim
                  | {Harm rN+ Dex-2}
 24666 | Swamp:4  | Noticed Donald
 24698 | Swamp:4  | Killed Donald
 25162 | Spider:1 | Entered Level 1 of the Spider Nest
 25403 | Spider:1 | Received a gift from Okawaru
 25414 | Spider:1 | Identified the +0 pair of boots of True Grit {rN+} (Okawaru
                  | gifted it to you on level 1 of the Spider Nest)
 26451 | Spider:2 | Noticed Asterion
 26466 | Spider:2 | Killed Asterion
 26817 | Spider:2 | Noticed Louise
 26822 | Spider:2 | Killed Louise
 27473 | Spider:3 | Reached XP level 19. HP: 167/167 MP: 22/22
 28091 | Spider:4 | Entered Level 4 of the Spider Nest
 28151 | Spider:4 | Reached skill level 15 in Shields
 28199 | Spider:4 | Received a gift from Okawaru
 28389 | Spider:4 | Noticed Arachne
 28420 | Spider:4 | Killed Arachne
 28590 | Spider:4 | Received a gift from Okawaru
 28602 | Spider:4 | Noticed Aizul
 28629 | Spider:4 | Killed Aizul
 28756 | Spider:4 | Identified Roxanne's Papyrus of Clay
 28756 | Spider:4 | Noticed Roxanne
 28793 | Spider:4 | Got a gossamer rune of Zot
 28910 | Spider:4 | Killed Roxanne
 29049 | Spider:4 | Reached XP level 20. HP: 178/178 MP: 23/23
 29751 | Vaults:1 | Entered Level 1 of the Vaults
 29793 | Vaults:1 | Received a gift from Okawaru
 29839 | Vaults:1 | Found a ruined gateway.
 29918 | Desolati | Entered the Desolation of Salt
 30206 | Desolati | Identified the ring "Zyfuggaps" {rF+ Stlth+}
 30216 | Desolati | Identified the +4 glaive of Premature Burial {elec, rPois
                  | Dex+3}
 30426 | Desolati | Identified the +0 cloak of Panentheism {rPois rF+} (You
                  | found it in the Desolation of Salt)
 30603 | Desolati | Identified the Incunabulum of Enchanting Heat
 30606 | Desolati | Identified Okhlesk's Catalogue of the Vitriolic Oath
 31278 | Desolati | Identified the Incunabulum of Nocuous Displacement
 31282 | Desolati | Identified the ring of Vytrouc {rN+ Int+2} (You found it in
                  | the Desolation of Salt)
 31298 | Desolati | Identified the ring of Ethics {+Inv rC+ EV+4 Str+5} (You
                  | found it in the Desolation of Salt)
 31703 | Vaults:1 | Found Henaxoann's Book Shoppe.
 31729 | Vaults:1 | Received a gift from Okawaru
 31805 | Vaults:1 | Received a gift from Okawaru
 31865 | Vaults:1 | Identified the +5 ring mail of Okawaru's Grace {+Inv rC-
                  | Regen+ Str+4} (Okawaru gifted it to you on level 1 of the
                  | Vaults)
 31922 | Vaults:1 | Reached XP level 21. HP: 186/186 MP: 24/24
 33036 | Vaults:2 | Found a staircase to the Crypt.
 33465 | Vaults:2 | Received a gift from Okawaru
 33585 | Vaults:2 | Reached skill level 15 in Armour
 33939 | Vaults:2 | Reached XP level 22. HP: 195/195 MP: 25/25
 34280 | Vaults:3 | Received a gift from Okawaru
 34576 | Vaults:3 | Found a transporter.
 34644 | Vaults:3 | Found a transporter.
 35072 | Vaults:3 | Identified the +1 plate armour of Wevudaiv {Regen+} (You
                  | found it on level 3 of the Vaults)
 35085 | Vaults:3 | Received a gift from Okawaru
 35209 | Vaults:3 | Acquired 1253 gold pieces
 35949 | Vaults:4 | Learned a level 6 spell: Statue Form
 36256 | Vaults:4 | Reached XP level 23. HP: 205/205 MP: 26/26
 36272 | Vaults:4 | Received a gift from Okawaru
 36713 | Vaults:4 | Found a portal to a secret trove of treasure.
 36800 | Vaults:4 | You paid a toll of 3 potions of resistance to enter a
                  | treasure trove
 36801 | Trove    | Entered a treasure trove
 36814 | Trove    | Got a pair of fine gloves
 36816 | Trove    | Got a pair of faintly humming gloves
 36818 | Trove    | Got a fine tower shield
 36868 | Trove    | Got a pitted scale mail
 36899 | Vaults:4 | Identified the +2 pair of gloves of the Kettle-Drum
                  | {*Contam rCorr Dex+2 SInv} (You found it in a treasure
                  | trove)
 36900 | Vaults:4 | Identified the -2 pair of gloves of Abstinence {rElec rPois
                  | Str-3} (You found it in a treasure trove)
 36901 | Vaults:4 | Identified the +3 tower shield "Pippam" {+Fly rF- Str+8}
                  | (You found it in a treasure trove)
 36902 | Vaults:4 | Identified the +0 scale mail of the Bouncing Invaders
                  | {Rampage} (You found it in a treasure trove)
 37487 | Elf:1    | Entered Level 1 of the Elven Halls
 37588 | Elf:1    | Found Giheloh's Jewellery Shoppe.
 37901 | Elf:1    | Identified the Catalogue of Dusty Lightness
 37905 | Elf:1    | Gained mutation: Your body sometimes deteriorates upon
                  | taking damage. [mutagenic glow]
 37925 | Elf:1    | Gained mutation: Armour fits poorly on your strangely
                  | shaped body. [mutagenic glow]
 37932 | Elf:1    | Gained mutation: You are agile. (Dex +2) [mutagenic glow]
 37953 | Elf:1    | Gained mutation: Your magical capacity is low. (-10% MP)
                  | [mutagenic glow]
 37959 | Elf:1    | You fall into a shaft and drop 1 floor!
 38020 | Elf:2    | Lost mutation: Your magical capacity is low. (-10% MP)
                  | [potion of mutation]
 38020 | Elf:2    | Lost mutation: You are agile. (Dex +2) [potion of mutation]
 38020 | Elf:2    | Lost mutation: Armour fits poorly on your strangely shaped
                  | body. [potion of mutation]
 38020 | Elf:2    | Gained mutation: Your natural rate of healing is unusually
                  | fast. [potion of mutation]
 38020 | Elf:2    | Gained mutation: You are surrounded by a mild repulsion
                  | field. (EV +2) [potion of mutation]
 38022 | Elf:2    | Found Saogg's Distillery.
 38044 | Elf:2    | Found Taxegraa's Book Boutique.
 38044 | Elf:2    | Found Sevecvam's Antique Armour Shop.
 38101 | Elf:2    | Found Eriari's Gadget Boutique.
 38134 | Elf:2    | Bought a potion of heal wounds for 55 gold pieces
 38134 | Elf:2    | Bought a potion of resistance for 110 gold pieces
 38134 | Elf:2    | Bought a potion of mutation for 88 gold pieces
 38134 | Elf:2    | Bought a potion of curing for 33 gold pieces
 38226 | Elf:2    | Found a magical portal.
 38235 | WizLab   | Entered Cigotuvi's Fleshworks
 38648 | WizLab   | Identified the amulet of Jumiol {Faith *Corrode rC+++
                  | Int+3}
 38652 | WizLab   | Received a gift from Okawaru
 38813 | WizLab   | Identified Cigotuvi's Handbook of Moulding
 38817 | WizLab   | Identified Eceda's Reference Book on Changing
 39458 | Elf:2    | Found a runed translucent gate.
 39460 | Elf:2    | Found a runed translucent gate.
 39461 | Elf:2    | Found a runed translucent gate.
 39764 | Elf:1    | Identified Kikubaaqudgha's Guide on Evil Rites
 40035 | Elf:2    | Reached XP level 24. HP: 208/216 MP: 26/26
 40387 | Elf:3    | Entered Level 3 of the Elven Halls
 40645 | Elf:3    | Received a gift from Okawaru
 41084 | Elf:3    | Identified the +6 chain mail of Noughts and Crosses {rN+
                  | Str+2 Dex+3}
 41109 | Elf:3    | Identified the +8 great sword "Jematao" {drain, rF++ rN+
                  | Stlth+}
 41138 | Elf:3    | Found the +3 robe of Folly {Archmagi, Will-- Int+5}
 41158 | Elf:3    | Identified the ring "Temijuil" {rC+ rN+ Will+ Dex+2} (You
                  | found it on level 3 of the Elven Halls)
 41160 | Elf:3    | Identified the ring "Eriting" {*Tele SInv} (You found it on
                  | level 3 of the Elven Halls)
 41806 | Depths:1 | Entered Level 1 of the Depths
 41923 | Depths:1 | Found a gateway to Hell.
 42100 | Depths:1 | Received a gift from Okawaru
 42134 | Depths:1 | Got a twisted crystal plate armour {god gift}
 42147 | Depths:1 | Identified the +1 crystal plate armour "Judoroaj" {rPois
                  | Dex+4} (Okawaru gifted it to you on level 1 of the Depths)
 42295 | Depths:1 | Found a one-way gate leading to the halls of Pandemonium.
 42361 | Depths:1 | Reached skill level 1 in Evocations
 42420 | Depths:1 | Found Wevvat's Antique Armour Boutique.
 42424 | Depths:1 | Found Bahope's Assorted Antiques.
 42425 | Depths:1 | Found Kiakhla's Antique Weapon Boutique.
 42430 | Depths:1 | Bought a scroll of identify for 50 gold pieces
 42430 | Depths:1 | Bought a scroll of identify for 50 gold pieces
 42532 | Depths:1 | Found a broken altar of Ashenzari.
 42863 | Depths:2 | Reached XP level 25. HP: 226/226 MP: 27/27
 43525 | Depths:2 | Identified the +3 ring mail "Zegoxzok" {Str+3 Int+4 Stlth+}
                  | (You found it on level 2 of the Depths)
 43612 | Depths:2 | Received a gift from Okawaru
 43682 | Depths:2 | Got a steaming quarterstaff {god gift}
 43683 | Depths:2 | Identified the +3 quarterstaff "Ogre's Undoing" {freeze,
                  | Dex+2} (Okawaru gifted it to you on level 2 of the Depths)
 43877 | Depths:2 | Found the +8 whip "Snakebite" {curare, rPois}
 43887 | Depths:2 | Identified the +0 pair of gloves of the Monkey {rPois rC+
                  | Dex+4} (You found it on level 2 of the Depths)
 44118 | Depths:2 | Reached skill level 5 in Evocations
 44195 | Depths:2 | Reached skill level 10 in Invocations
 44298 | Depths:2 | Identified the Disquisition on Blistering Execration
 44488 | Depths:2 | Received a gift from Okawaru
 44670 | Depths:3 | Found Ollusobo's General Store.
 44693 | Depths:3 | Bought a potion of curing for 45 gold pieces
 44931 | Depths:3 | Found a gateway to a ziggurat.
 44952 | Depths:3 | Reached XP level 26. HP: 228/235 MP: 30/30
 44969 | Depths:3 | Received a gift from Okawaru
 45394 | Depths:3 | Identified the +8 ring mail "Gedur" {rF+ Regen+ Int+2
                  | Dex-4} (You found it on level 3 of the Depths)
 45487 | Depths:3 | Noticed the Enchantress
 45499 | Depths:3 | Killed the Enchantress
 45911 | Depths:3 | Received a gift from Okawaru
 45982 | Depths:3 | Identified the +14 crystal plate armour of Dufira Jifaa
                  | {Int+4} (Okawaru gifted it to you on level 3 of the Depths)
 46366 | Depths:4 | Reached skill level 10 in Evocations
 46445 | Depths:4 | Acquired the +6 tower shield "Tekkor" {rCorr}
 46551 | Depths:4 | Found a one-way gate to the infinite horrors of the Abyss.
 46992 | Depths:4 | Reached XP level 27. HP: 239/245 MP: 30/30
 46994 | Depths:4 | Received a gift from Okawaru
 46996 | Depths:4 | Identified the cursed +0 long sword "Orb Guardian's Doom"
                  | {protect, +Rage rC+ Dex-4}
 47072 | Depths:4 | Identified the cursed +1 leather armour "Xeyxuife" {rElec}
                  | (You found it on level 4 of the Depths)
 47381 | Depths:5 | Entered Level 5 of the Depths
 47437 | Depths:5 | Identified the +10 demon blade "Roico" {venom, rPois Dex-2
                  | SInv} (You found it on level 5 of the Depths)
 47795 | Depths:5 | Found Geeskeas's Jewellery Boutique.
 47798 | Depths:5 | Found Dyetajoi's Jewellery Boutique.
 47823 | Depths:5 | Received a gift from Okawaru
 47914 | Depths:5 | Found Rufriph's Gadget Emporium.
 47924 | Depths:5 | Bought a cursed ring of teleportation for 94 gold pieces
 47926 | Depths:5 | Bought a wand of acid (9) for 520 gold pieces
 48057 | Depths:5 | Found a gate to the Realm of Zot.
 49323 | Crypt:1  | Entered Level 1 of the Crypt
 49756 | Crypt:1  | Received a gift from Okawaru
 50282 | Crypt:2  | Noticed Mara
 50325 | Crypt:2  | Noticed Arum's illusion
 50333 | Crypt:2  | Killed Mara
 50334 | Crypt:2  | Reached skill level 27 in Fighting
 50334 | Crypt:2  | Reached skill level 15 in Dodging
 50815 | Crypt:3  | Entered Level 3 of the Crypt
 50920 | Crypt:3  | Noticed a royal mummy
 50921 | Crypt:3  | Noticed Khufu
 50972 | Crypt:3  | Received a gift from Okawaru
 50980 | Crypt:3  | Killed Khufu
 51410 | Crypt:2  | Reached skill level 15 in Evocations
 51569 | Crypt:3  | Killed a royal mummy
 52035 | Crypt:3  | Found a staircase to the Tomb.
 52091 | Crypt:3  | Noticed an ancient lich
 52101 | Crypt:3  | Received a gift from Okawaru
 52112 | Crypt:3  | Killed an ancient lich
 52123 | Crypt:3  | Found a basalt altar of Yredelemnul.
 52130 | Crypt:3  | Found an ancient bone altar of Kikubaaqudgha.
 52185 | Crypt:3  | Identified the Collected Works on Dark Rites
 52621 | Vaults:5 | Entered Level 5 of the Vaults
 52647 | Vaults:5 | Received a gift from Okawaru
 52852 | Vaults:5 | Found Ykloas's Distillery.
 52919 | Vaults:5 | Identified the cursed +0 quarterstaff of Biqeshet {venom,
                  | rN+ Int+2} (You found it on level 5 of the Vaults)
 53121 | Vaults:5 | Bought 2 potions of cancellation for 208 gold pieces
 53121 | Vaults:5 | Bought 2 potions of might for 104 gold pieces
 53121 | Vaults:5 | Bought a potion of curing for 39 gold pieces
 53121 | Vaults:5 | Bought a potion of heal wounds for 65 gold pieces
 53121 | Vaults:5 | Bought 2 potions of curing for 78 gold pieces
 53427 | Vaults:5 | Received a gift from Okawaru
 53430 | Vaults:5 | Identified the +0 pair of gloves of the Wilderness {rN++
                  | Will+ Str+4 Slay-3} (Okawaru gifted it to you on level 5 of
                  | the Vaults)
 54123 | Vaults:5 | Gained mutation: You are frail. (-10% HP) [mutagenic glow]
 54160 | Vaults:5 | Got a silver rune of Zot
 54161 | Vaults:5 | Gained mutation: You occasionally shout uncontrollably at
                  | your foes. [mutagenic glow]
 54203 | Vaults:5 | Identified the +8 dagger "Ymozeses" {holy, SInv}
 54203 | Vaults:5 | Identified the ring "Kese Uza" {rF+ Str+3 SInv}
 54864 | Lair:4   | Fell from the grace of Okawaru
 54864 | Lair:4   | Became a worshipper of Zin the Law-Giver
 54864 | Lair:4   | Reached * piety under Zin
 54864 | Lair:4   | Reached ** piety under Zin
 55192 | Depths:4 | Voluntarily entered the Abyss.
 55222 | Abyss:1  | Found a corrupted altar of Lugonu.
 55260 | Abyss:1  | Reached *** piety under Zin
 55494 | Abyss:1  | Reached **** piety under Zin
 56030 | Abyss:2  | Found a viscous altar of Jiyva.
 56145 | Abyss:2  | Reached ***** piety under Zin
 57511 | Abyss:3  | Reached ****** piety under Zin
 57668 | Abyss:3  | Got an abyssal rune of Zot
 58061 | Depths:4 | Escaped the Abyss
 58211 | D:11     | Was forgiven by Okawaru
 58379 | Slime:1  | Entered Level 1 of the Pits of Slime
 59073 | Slime:3  | Reached skill level 15 in Invocations
 60769 | Slime:5  | Entered Level 5 of the Pits of Slime
 61039 | Slime:5  | Found a viscous altar of Jiyva.
 61050 | Slime:5  | Noticed the Royal Jelly
 61092 | Slime:5  | Killed the Royal Jelly
 61116 | Slime:5  | Found the +8 demon trident "Rift" {distort, reach+}
 61117 | Slime:5  | Identified the Volume of Floating Attacks
 61172 | Slime:5  | Got a slimy rune of Zot
 61196 | Slime:5  | Identified the +4 lajatang "Lifebane" {freeze, rC+ Str-2
                  | Dex+3} (You found it on level 5 of the Pits of Slime)
 61200 | Slime:5  | Identified the +9 executioner's axe "Zoasiesk" {flame, +Inv
                  | rPois rC+ Str+2 Stlth-} (You found it on level 5 of the
                  | Pits of Slime)
 61600 | Slime:5  | Identified the +2 ring mail of Fosaurr {*Slow rElec rPois
                  | rC-} (You found it on level 5 of the Pits of Slime)
 61606 | Slime:5  | Lost mutation: Your natural rate of healing is unusually
                  | fast. [potion of mutation]
 61606 | Slime:5  | Lost mutation: Your body sometimes deteriorates upon taking
                  | damage. [potion of mutation]
 61606 | Slime:5  | Lost mutation: You are frail. (-10% HP) [potion of
                  | mutation]
 61910 | Hell     | Entered the Vestibule of Hell
 61910 | Hell     | Noticed Murray
 61910 | Hell     | Noticed Geryon
 61926 | Hell     | Killed Geryon
 61928 | Hell     | Killed Murray
 62334 | Hell     | Found a gateway to the decaying netherworld of Tartarus.
 62452 | Hell     | Found a gateway to the freezing wastes of Cocytus.
 62563 | Hell     | Found a gateway to the Iron City of Dis.
 62685 | Hell     | Found a gateway to the ashen valley of Gehenna.
 62832 | Pan      | Entered Pandemonium
 63168 | Pan      | Noticed Fukloef the pandemonium lord
 63214 | Pan      | Killed Fukloef the pandemonium lord
 63735 | Pan      | Found a runed translucent door.
 64973 | Pan      | Noticed Gunedd the pandemonium lord
 64984 | Pan      | Killed Gunedd the pandemonium lord
 66279 | Pan      | Noticed Vuwk the pandemonium lord
 66295 | Pan      | Killed Vuwk the pandemonium lord
 67078 | Pan      | Noticed Totsunen the pandemonium lord
 67138 | Pan      | Killed Totsunen the pandemonium lord
 67618 | Pan      | Found an exit through the horrors of the Abyss.
 68130 | Pan      | Entered the realm of Mnoleg.
 68483 | Pan      | Noticed Mnoleg
 68535 | Pan      | Killed Mnoleg
 68869 | Pan      | Got a glowing rune of Zot
 69128 | Pan      | Found an exit through the horrors of the Abyss.
 69895 | Pan      | Noticed Dirhiure the pandemonium lord
 69913 | Pan      | Killed Dirhiure the pandemonium lord
 70046 | Pan      | Found an exit through the horrors of the Abyss.
 70755 | Pan      | Noticed Wuwohaix the pandemonium lord
 70768 | Pan      | Killed Wuwohaix the pandemonium lord
 71448 | Pan      | Entered the realm of Gloorx Vloq.
 71901 | Pan      | Noticed Gloorx Vloq
 71923 | Pan      | Killed Gloorx Vloq
 72229 | Pan      | Got a dark rune of Zot
 72614 | Pan      | Identified the +8 kite shield of the Known World {Int+3}
                  | (You found it in Pandemonium)
 72895 | Pan      | Entered the realm of Cerebov.
 72962 | Pan      | Identified the Compendium of the Entourage and the Compass
 73024 | Pan      | Identified the +6 sword of Cerebov {flame}
 73024 | Pan      | Noticed Cerebov
 73064 | Pan      | Zin protects you from harm!
 73071 | Pan      | Killed Cerebov
 73436 | Pan      | Got a fiery rune of Zot
 73475 | Pan      | Identified the Grimoire of Clay and Feathers
 74842 | Pan      | Found an exit through the horrors of the Abyss.
 75308 | Pan      | Noticed Qimych the pandemonium lord
 75339 | Pan      | Killed Qimych the pandemonium lord
 77137 | Pan      | Found a huge runed translucent gate.
 77137 | Pan      | Found a huge runed translucent gate.
 77137 | Pan      | Found a huge runed translucent gate.
 77140 | Pan      | Found a huge runed translucent gate.
 77140 | Pan      | Found a huge runed translucent gate.
 77140 | Pan      | Found a huge runed translucent gate.
 77141 | Pan      | Found a huge runed translucent gate.
 77141 | Pan      | Found a huge runed translucent gate.
 77142 | Pan      | Found a huge runed translucent gate.
 77142 | Pan      | Found a huge runed translucent gate.
 77142 | Pan      | Found a huge runed translucent gate.
 77143 | Pan      | Found a huge runed translucent gate.
 77143 | Pan      | Found a huge runed translucent gate.
 77143 | Pan      | Found a huge runed translucent gate.
 77143 | Pan      | Found a huge runed translucent gate.
 77143 | Pan      | Found a huge runed translucent gate.
 77144 | Pan      | Found a huge runed translucent gate.
 77144 | Pan      | Found a huge runed translucent gate.
 77144 | Pan      | Found a huge runed translucent gate.
 77144 | Pan      | Found a huge runed translucent gate.
 77144 | Pan      | Found a huge runed translucent gate.
 77144 | Pan      | Noticed Todatraank the pandemonium lord
 77198 | Pan      | Killed Todatraank the pandemonium lord
 78196 | Pan      | Reached skill level 27 in Armour
 78299 | Pan      | Noticed Buxecsoi the pandemonium lord
 78347 | Pan      | Killed Buxecsoi the pandemonium lord
 79418 | Pan      | Reached skill level 27 in Shields
 79523 | Pan      | Noticed Feuciaga the pandemonium lord
 79544 | Pan      | Killed Feuciaga the pandemonium lord
 80158 | Pan      | Noticed Mennas
 80200 | Pan      | Killed Mennas
 80270 | Pan      | Found an exit through the horrors of the Abyss.
 80417 | Pan      | Noticed Zoryse the pandemonium lord
 80451 | Pan      | Killed Zoryse the pandemonium lord
 81522 | Pan      | Noticed Gicleol the pandemonium lord
 81571 | Pan      | Killed Gicleol the pandemonium lord
 82227 | Pan      | Found an exit through the horrors of the Abyss.
 82637 | Pan      | Noticed Okkixe the pandemonium lord
 82649 | Pan      | Killed Okkixe the pandemonium lord
 83014 | Pan      | Entered the realm of Lom Lobon.
 83048 | Pan      | Found an exit through the horrors of the Abyss.
 83948 | Pan      | Noticed Lom Lobon
 84013 | Pan      | Killed Lom Lobon
 84310 | Pan      | Got a magical rune of Zot
 86435 | Pan      | Identified the -4 tower shield of the Elephant {*Corrode
                  | rPois rC+ MP+9 Dex+6}
 86497 | Pan      | Identified the cursed -13 tower shield "Neba" {+Blink}
 86665 | Pan      | Found a glowing silver altar of Zin.
 87206 | Pan      | Noticed a seraph
 87258 | Pan      | Killed a seraph
 87361 | Pan      | Identified the ring "Jekhla" {rC+ rCorr Dex+4}
 87388 | Pan      | Found a glowing golden altar of the Shining One.
 87398 | Pan      | Identified Feol's Papyrus of Noxious Creation
 87409 | Pan      | Got a demonic rune of Zot
 87415 | Pan      | Identified the cursed +3 lajatang of Pride {pain, rN+} (You
                  | found it in Pandemonium)
 87528 | Depths:1 | Escaped Pandemonium
 87973 | Vaults:3 | Identified the ring "Bastregev" {rElec rPois rC+ Str+4}
                  | (You found it on level 3 of the Vaults)
 87999 | Vaults:3 | Identified the amulet "Qaach" {Acrobat *Slow Will++} (You
                  | found it on level 3 of the Vaults)
 88025 | Vaults:3 | Identified the cursed +1 rapier of the Final Chapter
                  | {flame, +Rage Int+3 Dex-2} (You found it on level 3 of the
                  | Vaults)
 88297 | Pan      | Entered Pandemonium
 88351 | Pan      | Reached skill level 1 in Throwing
 88477 | Pan      | Noticed Oguramam the pandemonium lord
 88486 | Pan      | Reached skill level 27 in Dodging
 88491 | Pan      | Killed Oguramam the pandemonium lord
 88514 | Pan      | Reached skill level 5 in Throwing
 89057 | Pan      | Found an exit through the horrors of the Abyss.
 89228 | Pan      | Found an exit through the horrors of the Abyss.
 89684 | Pan      | Found a huge runed translucent gate.
 89685 | Pan      | Found a huge runed translucent gate.
 89686 | Pan      | Found a huge runed translucent gate.
 89687 | Pan      | Found a huge runed translucent gate.
 89688 | Pan      | Found a huge runed translucent gate.
 89690 | Pan      | Found a huge runed translucent gate.
 89691 | Pan      | Found a huge runed translucent gate.
 89739 | Pan      | Noticed Yfokehin the pandemonium lord
 89748 | Pan      | Killed Yfokehin the pandemonium lord
 90733 | Pan      | Found an exit through the horrors of the Abyss.
 90960 | Pan      | Reached skill level 10 in Throwing
 91295 | Pan      | Noticed Oweunker the pandemonium lord
 91323 | Pan      | Killed Oweunker the pandemonium lord
 91917 | Pan      | Took an exit into the Abyss.
 91917 | Abyss:1  | Escaped into the Abyss
 91983 | Abyss:1  | Identified the +8 great mace of Might {flame, Int+4}
 92082 | Depths:1 | Escaped the Abyss
 92312 | Tar:1    | Entered Level 1 of Tartarus
 92420 | Hell     | Lost mutation: You are surrounded by a mild repulsion
                  | field. (EV +2) [potion of mutation]
 92420 | Hell     | Lost mutation: You occasionally shout uncontrollably at
                  | your foes. [potion of mutation]
 92607 | D:8      | Fell from the grace of Zin
 92607 | D:8      | Became a worshipper of the Shining One
 92607 | D:8      | Reached * piety under the Shining One
 92607 | D:8      | Reached ** piety under the Shining One
 92607 | D:8      | Reached *** piety under the Shining One
 92804 | Tar:1    | Reached **** piety under the Shining One
 92865 | Tar:1    | Reached ***** piety under the Shining One
 93144 | Tar:2    | Reached ****** piety under the Shining One
 94506 | Tar:6    | Identified a +9 lajatang of holy wrath (a +9 lajatang of
                  | protection blessed by the Shining One)
 94506 | Tar:6    | Received a gift from the Shining One
 94861 | Tar:6    | Noticed an ancient lich
 94868 | Tar:6    | Killed an ancient lich
 95436 | Tar:7    | Entered Level 7 of Tartarus
 95976 | Tar:7    | Reached skill level 27 in Staves
 96094 | Tar:7    | Noticed an ancient lich
 96103 | Tar:7    | Killed an ancient lich
 96116 | Tar:7    | Identified the cursed +2 short sword of Ravage {flame,
                  | +Blink Will- SInv}
 96121 | Tar:7    | Identified the +8 dagger "Piacvobi" {elec, +Fly rElec}
 96233 | Tar:7    | Noticed an ancient lich
 96234 | Tar:7    | Noticed Ereshkigal
 96248 | Tar:7    | Killed Ereshkigal
 96255 | Tar:7    | Killed an ancient lich
 96264 | Tar:7    | Reached skill level 27 in Invocations
 96335 | Tar:7    | Got a bone rune of Zot
 96477 | Tar:7    | Identified Yhen's Tome of the Fiery Escort
 96654 | Tar:7    | Found the +3 giant club "Skullcrusher" {speed, Str+7}
 96690 | Tar:7    | Identified the cursed +1 ring mail of Sunlight {Rampage
                  | Dex+4 SInv Stlth+} (You found it on level 7 of Tartarus)
 96891 | Dis:1    | Entered Level 1 of the Iron City of Dis
 98231 | Dis:7    | Entered Level 7 of the Iron City of Dis
 99239 | Dis:7    | Identified the +4 staff of Dispater
 99239 | Dis:7    | Noticed Dispater
 99254 | Dis:7    | Killed Dispater
 99279 | Dis:7    | Identified Sif Muna's Papyrus of the Glacial Oath
 99282 | Dis:7    | Got an iron rune of Zot
 99858 | Coc:1    | Entered Level 1 of Cocytus
100187 | Coc:3    | Found a huge runed gate.
100188 | Coc:3    | Found a huge runed gate.
100188 | Coc:3    | Found a huge runed gate.
100189 | Coc:3    | Found a huge runed gate.
100195 | Coc:3    | Found a huge runed gate.
100196 | Coc:3    | Found a huge runed gate.
100197 | Coc:3    | Found a huge runed gate.
100197 | Coc:3    | Found a huge runed gate.
100459 | Coc:3    | Found a huge runed gate.
100460 | Coc:3    | Found a huge runed gate.
100461 | Coc:3    | Found a huge runed gate.
100462 | Coc:3    | Found a huge runed gate.
100463 | Coc:3    | Found a huge runed gate.
100464 | Coc:3    | Found a huge runed gate.
100465 | Coc:3    | Found a huge runed gate.
100466 | Coc:3    | Found a huge runed gate.
100467 | Coc:3    | Found a huge runed gate.
100468 | Coc:3    | Found a huge runed gate.
100892 | Coc:7    | Entered Level 7 of Cocytus
100941 | Coc:7    | Noticed the Serpent of Hell
100957 | Coc:7    | Noticed a shard shrike
100958 | Coc:7    | Noticed a shard shrike
100959 | Coc:7    | Noticed a shard shrike
100960 | Coc:7    | Killed the Serpent of Hell
100966 | Coc:7    | Killed a shard shrike
100973 | Coc:7    | Killed a shard shrike
100976 | Coc:7    | Killed a shard shrike
101373 | Coc:7    | Identified the +6 scale mail of Jigsaw {Rampage Stlth+}
101551 | Coc:7    | Noticed Antaeus
101566 | Coc:7    | Killed Antaeus
101567 | Coc:7    | Reached skill level 27 in Evocations
101627 | Coc:7    | Got an icy rune of Zot
101717 | Geh:1    | Entered Level 1 of Gehenna
102231 | Geh:4    | Reached skill level 15 in Throwing
102904 | Geh:7    | Entered Level 7 of Gehenna
103294 | Geh:7    | Identified the +7 sceptre of Asmodeus
103294 | Geh:7    | Noticed Asmodeus
103306 | Geh:7    | Killed Asmodeus
103317 | Geh:7    | Got an obsidian rune of Zot
103329 | Geh:7    | Identified the +3 short sword "Ohi Voeth" {holy, Int+3
                  | Dex+4 Stlth+} (You found it on level 7 of Gehenna)
104107 | Tomb:1   | Entered Level 1 of the Tomb of the Ancients
104321 | Tomb:1   | Noticed a royal mummy
104324 | Tomb:1   | Noticed a royal mummy
104331 | Tomb:1   | Killed a royal mummy
104334 | Tomb:1   | HP: 11/249 [??? (3)]
104338 | Tomb:1   | Killed a royal mummy
104642 | Tomb:1   | Noticed a royal mummy
104652 | Tomb:1   | Killed a royal mummy
105225 | Tomb:2   | Noticed a royal mummy
105225 | Tomb:2   | Noticed an ancient lich
105232 | Tomb:2   | Noticed an ancient lich
105233 | Tomb:2   | Noticed a royal mummy
105237 | Tomb:2   | Killed an ancient lich
105244 | Tomb:2   | Killed a royal mummy
105247 | Tomb:2   | Killed an ancient lich
105247 | Tomb:2   | Killed a royal mummy
105664 | Tomb:2   | Gained mutation: You are frail. (-10% HP) [potion of
                  | mutation]
105664 | Tomb:2   | Gained mutation: You have sharp toenails. [potion of
                  | mutation]
105665 | Tomb:2   | Lost mutation: You have sharp toenails. [potion of
                  | mutation]
105665 | Tomb:2   | Lost mutation: You are frail. (-10% HP) [potion of
                  | mutation]
105665 | Tomb:2   | Gained mutation: You do not regenerate when monsters are
                  | visible. [potion of mutation]
105665 | Tomb:2   | Gained mutation: Your spells are a little harder to cast,
                  | but a little more powerful. [potion of mutation]
105666 | Tomb:2   | Lost mutation: You do not regenerate when monsters are
                  | visible. [potion of mutation]
105666 | Tomb:2   | Lost mutation: Your spells are a little harder to cast, but
                  | a little more powerful. [potion of mutation]
105666 | Tomb:2   | Gained mutation: You are strong-willed. (Will+) [potion of
                  | mutation]
105666 | Tomb:2   | Gained mutation: Your flesh is heat resistant. (rF+)
                  | [potion of mutation]
105726 | Tomb:1   | Noticed a royal mummy
105727 | Tomb:1   | Noticed a royal mummy
105737 | Tomb:1   | Killed a royal mummy
105739 | Tomb:1   | Killed a royal mummy
105752 | Tomb:1   | Noticed a royal mummy
105752 | Tomb:1   | Noticed a royal mummy
105753 | Tomb:1   | Noticed a royal mummy
105756 | Tomb:1   | Noticed a royal mummy
105757 | Tomb:1   | Killed a royal mummy
105759 | Tomb:1   | Noticed a royal mummy
105762 | Tomb:1   | Killed a royal mummy
105762 | Tomb:1   | Noticed a royal mummy
105765 | Tomb:1   | Noticed a royal mummy
105766 | Tomb:1   | HP: 10/249 [royal mummy/divine providence (10)]
105767 | Tomb:1   | Killed a royal mummy
105771 | Tomb:1   | Slain by a royal mummy

Illustrated notes

Levels and vault maps discovered:
D:1:      co_arrival_random_square_maze, layout_loops_ring, fountainhead
D:2:      layout_loops_ring, lemuel_doored_altar, nicolae_ru_awakened_eye,
          nicolae_overflow_crystal_walls, marbit_many_paths,
          chequers_ecumenical_altar_twisty, kennysheep_generic_room_8
D:3:      layout_rooms, chequers_temple_overflow_minitemple,
          trog_three_pillars_becter
D:4:      layout_basic, skrybe_limestone_x
D:5:      layout_rooms, old_standard_altar, uniq_edmund, uniq_ijyb
D:6:      kennysheep_big_flooded_room, layout_basic,
          minmay_temple_entry_offerings, uniq_duvessa
D:7:      layout_loops_corners, nzn_hepliaklqana_mist_gate, minivault_11,
          uniq_menkaure, uniq_crazy_yiuf_cottage, uniq_maggie
D:8:      layout_rooms, kennysheep_little_box, fedhas_altar_4,
          chequers_temple_overflow_statue_of_worship, lair_entry_dummy,
          kennysheep_just_a_vault, uniq_pikel
D:9:      layout_stronghold, overflow_temple_1_default, orc_0_dummy
D:10:     layout_roguey, makhleb_altar_promises_db
D:11:     layout_cave_pods, serial_shops, nicolae_shop_behind_doors,
          uniq_erolcha
D:12:     layout_roguey, minivault_14, uniq_snorg
D:13:     layout_loops_ring, gauntlet_entry_generic
D:14:     layout_cave_pools, hangedman_vaults_entry_quadrant_bands,
          infiniplex_staircase_pillars_3a, grunt_ministairs_9
D:15:     grunt_enter_depths_giant_problem, layout_basic, serial_park_tiny_1,
          argonaut_gorgonesque, uniq_rupert
Lair:1:   layout_misc_corridors, basic_altar, portal_ice_cave_entry_pillars_2,
          grunt_megastairs_2
Lair:2:   layout_gridlike
Lair:3:   layout_long_grid, minmay_swamp_entry_worms, dummy_spider_entry,
          serial_bayou_lagoon_b
Lair:4:   layout_layer_cave, basic_altar, minmay_lair_oklob_bushes,
          beast_lair_carwin_5
Lair:5:   layout_big_grid, lemuel_fruit_fields
Lair:6:   minmay_lair_end_frog_pond, layout_regular_city, slime_altar_1,
          uniq_nessos
Swamp:1:  layout_basic_swamp, hangedman_swamp_cone
Swamp:2:  layout_falls_marsh, evilmike_swamp_ruin_house_6, swamp_pool3
Swamp:3:  layout_basic_swamp, ebering_ghost_funeral_grove,
          evilmike_swamp_ruin_house_3
Swamp:4:  swamp_alternative, layout_basic_swamp, uniq_donald
Spider:1: layout_chambers
Spider:2: layout_chambers, hangedman_spider_tarantella_strand, uniq_asterion,
          uniq_louise
Spider:3: layout_spider_delve
Spider:4: johnstein_spider_rune_arachne_lair, uniq_arachne, uniq_roxanne,
          uniq_aizul
Slime:1:  layout_caves
Slime:2:  layout_caves
Slime:3:  layout_caves
Slime:4:  layout_caves, cheibrodos_slime_lost_civilization_5
Slime:5
Orc:1:    layout_diamond_mine, uniq_erica
Orc:2:    grunt_orc_gardens, layout_diamond_mine, grunt_orc_garden,
          grunt_orc_garden, grunt_orc_garden, grunt_orc_garden, uniq_sonja
Elf:1:    elf_arrival_001, layout_geoelf_octagon, serial_shops,
          nicolae_shop_stone, minmay_elf_necromancy, st_stairs_8,
          kilobyte_mutagenic_chamber
Elf:2:    layout_gridlike, mu_enter_wizlab_3, minmay_shoptagon
Elf:3:    elf_hall, layout_geoelf_octagon
Vaults:1: vaults_room_grunt_arrival_ludios, nicolae_vaults_puzzle_piece,
          ontoclasm_vaults_spin, ontoclasm_vaults_claustrophobia,
          nicolae_vaults_shelves_hall, nicolae_vaults_angled_halls,
          layout_vaults_quadrants, portal_desolation_entry_garden, serial_shops,
          nicolae_shop_competitors_out_of_business
Vaults:2: v_alt_pattern_6, minmay_crypt_entry_simple_round,
          ontoclasm_vaults_decontamination, nicolae_vaults_angled_halls,
          hangedman_vaults_variations, vaults_standard_mumra_enter_the_diamond,
          st_squares, v_misc_26, v_pattern_1, vaults_room_octagon,
          hangedman_vaults_cutoff, layout_vaults_ring
Vaults:3: gammafunk_dig_for_victory, nicolae_vaults_three_branches,
          vaults_dpeg_encased_lava, dpeg_vaults_monster_box,
          nicolae_vaults_network_square, ontoclasm_vaults_eye, v_pattern_4,
          layout_vaults_chaotic_city
Vaults:4: ontoclasm_vaults_ring_large, v_misc_10, v_alt_pattern_4,
          vaults_room_hangedman_quadrants, v_misc_18,
          vaults_standard_mumra_enter_the_diamond, v_misc_29, v_misc_9,
          v_misc_27, layout_vaults_omnicross, nicolae_trove_entry_diagonal
Vaults:5
Crypt:1:  layout_rooms, grunt_ministairs_1, st_stairs_10, grunt_megastairs_5
Crypt:2:  layout_rooms, uniq_mara
Crypt:3:  lightli_unholy_cathedral, layout_chaotic_city,
          tomb_entry_shell_bobbens, st_stairs_6, uniq_khufu, uniq_margery
Tomb:1
Tomb:2
Depths:1: layout_honeycomb, rand_demon_pan_entry_1, hangedman_decor_peaks_small,
          pf_hell_entry_tar_spiral, nicolae_ashenzari_panopticon,
          minmay_shop_star
Depths:2: little_maze_vault, layout_honeycomb, hell_entry, hex_medium,
          kennysheep_inner_square
Depths:3: minmay_tri_stars, layout_honeycomb, enter_ziggurat_c, serial_shops,
          nicolae_shop_crystal, hell_entry, rand_demon_pan_entry_8,
          uniq_enchantress
Depths:4: nzn_winding_woodlands_stair_cross
          [nzn_winding_woodlands_5x15_river_crossing,
          nzn_winding_woodlands_center_diamonds,
          nzn_winding_woodlands_5x15_longhouse,
          nzn_winding_woodlands_5x5_closed_star,
          nzn_winding_woodlands_5x5_three, nzn_winding_woodlands_5x15_default,
          nzn_winding_woodlands_center_triple_pond,
          nzn_winding_woodlands_5x15_pathside_ponds], layout_cave_pools,
          grunt_hell_entry_dis_grunt, serial_bayou_lagoon_a,
          rand_demon_pan_entry_9, nicolae_abyss_entry_one_way_or_another,
          serial_bayou_shore_a
Depths:5: lemuel_castle_with_subvaults [lemuel_castle_interior_original],
          layout_gridville, hellmouth_1, chequers_serial_rivers_marsh,
          minmay_shop_grove
Hell
Dis:1:    layout_gridville
Dis:2:    layout_regular_city
Dis:3:    layout_gridville, grunt_megastairs_1
Dis:4:    layout_jigsaw
Dis:5:    layout_chaotic_city
Dis:6:    layout_subdivisions
Dis:7:    dis_grunt_layers
Geh:1:    layout_gehenna_lava_caves
Geh:2:    layout_gehenna_lava_caves
Geh:3:    layout_gehenna_lava_caves
Geh:4:    layout_gehenna_pools_box
Geh:5:    layout_gehenna_lava_caves
Geh:6:    layout_gehenna_pools_triple, nicolae_geh_single_fiery_grave
Geh:7:    geh_grunt_pentagon
Coc:1:    layout_cocytus_water_paths
Coc:2:    layout_cocytus_water_paths
Coc:3:    layout_ice_bergs, door_vault
Coc:4:    layout_ice_bergs
Coc:5:    layout_ice_bergs
Coc:6:    layout_cocytus_water_paths
Coc:7:    coc_dpeg
Tar:1:    layout_catacombs, nicolae_tar_cuneiform_sun
Tar:2:    layout_grid_maze
Tar:3:    layout_cathedral_of_symmetry, grunt_megastairs_3
Tar:4:    layout_honeycomb
Tar:5:    layout_grid_maze, nicolae_tar_cuneiform_city
Tar:6:    layout_grid_maze, nicolae_tar_cuneiform_bird, grunt_megastairs_4
Tar:7:    tar_grunt_cathedral

Skill      XL: |  1  2  3  4  5  6  7  8  9 10 11 12 13 14 15 16 17 18 19 20 21 22 23 24 25 26 27 |
---------------+----------------------------------------------------------------------------------+-----
Shields        | 4 5 6 7 9 10 14 17 18 19 20 27 | 27.0
Armour         | 4 5 6 9 11 12 13 14 15 16 18 20 27 | 27.0
Fighting       | 4 5 7 9 10 12 13 14 15 16 17 18 19 20 21 22 23 24 25 26 27 | 27.0
Staves         | 3 4 6 8 9 11 12 13 14 15 16 17 18 19 20 27 | 27.0
Invocations    | 2 5 10 27 | 27.0
Dodging        | 4 7 9 10 11 13 27 | 27.0
Evocations     | 1 7 10 27 | 27.0
Throwing       | 22 | 22.2

Action                   |  1- 3 |  4- 6 |  7- 9 | 10-12 | 13-15 | 16-18 | 19-21 | 22-24 | 25-27 || total
-------------------------+-------+-------+-------+-------+-------+-------+-------+-------+-------++-------
Melee: Quarterstaff      |   111 |   183 |   301 |   489 |    94 |       |       |       |       ||  1178
       Lajatang          |       |       |       |    62 |   830 |  1050 |  1150 |  1334 | 12817 || 17243
Throw: Javelin           |       |       |       |     2 |     2 |     4 |       |     2 |    34 ||    44
       Throwing net      |       |       |       |       |       |       |       |       |     3 ||     3
Invok: Heroism           |       |       |     1 |     4 |       |     1 |       |       |       ||     6
       Finesse           |       |       |       |     2 |     1 |     1 |     1 |     1 |     3 ||     9
       Cleansing Flame   |       |       |       |       |       |       |       |       |    81 ||    81
       Summon Divine War |       |       |       |       |       |       |       |       |    13 ||    13
       Recite            |       |       |       |       |       |       |       |       |     9 ||     9
       Vitalisation      |       |       |       |       |       |       |       |       |     1 ||     1
       Brand Weapon With |       |       |       |       |       |       |       |       |     1 ||     1
 Abil: Dig               |       |     1 |     4 |     1 |     5 |     2 |     6 |    17 |   102 ||   138
Evoke: Wand              |       |       |    10 |     8 |     3 |    29 |       |       |    34 ||    84
       Condenser vane    |       |       |       |       |       |     1 |       |     1 |    14 ||    16
       Tin of tremorston |       |       |       |       |       |       |       |     2 |    11 ||    13
       Phial of floods   |       |       |       |       |       |       |       |     1 |     6 ||     7
       Phantom mirror    |       |       |       |       |       |       |       |       |     5 ||     5
  Use: Potion            |       |       |     3 |       |       |       |       |     2 |    29 ||    34
       Scroll            |       |       |     5 |    17 |    17 |    15 |    11 |    13 |    54 ||   132
 Stab: Paralysed         |       |       |    13 |     1 |       |       |       |       |     1 ||    15
       Petrified         |       |       |       |    10 |     8 |     4 |       |       |       ||    22
       Confused          |       |       |       |     1 |       |       |       |       |     3 ||     4
       Petrifying        |       |       |       |     1 |       |       |       |       |     3 ||     4
       Invisible         |       |       |       |       |     3 |     4 |     8 |     2 |    15 ||    32
       Distracted        |       |       |       |       |       |       |     2 |       |     5 ||     7
       Held in net/web   |       |       |       |       |       |       |     1 |       |       ||     1
Armor: Scale mail        |    53 |    82 |    39 |       |       |       |       |       |       ||   174
       Chain mail        |       |       |    55 |   115 |       |       |       |       |       ||   170
       Plate armour      |       |       |       |    11 |       |       |       |       |       ||    11
       Crystal plate arm |       |       |       |   166 |   406 |   450 |   293 |   254 |  2974 ||  4543
Dodge: Dodged            |    40 |    50 |    64 |    82 |   152 |   343 |   259 |   244 |  3838 ||  5072
Block: Kite shield       |    59 |   104 |   117 |   292 |   724 |   652 |       |       |       ||  1948
       Reflection        |       |       |       |    16 |    31 |    20 |    49 |   117 |   327 ||   560
       Tower shield      |       |       |       |       |       |   212 |  1158 |  1161 | 15021 || 17552
